 Dungeon Crawl Stone Soup version 0.29-a0-23-ga79f92ac9c (webtiles) character file.

Game seed: 5802458087600338890

343 HallandMoats the Skirmisher (level 6, -4/52 HPs)
             Began as a Demigod Fighter on Jan 31, 2022.
             Slain by doggme's ghost (12 damage)
             ... on level 3 of the Dungeon.
             The game lasted 00:03:58 (4486 turns).

HallandMoats the Skirmisher (Demigod Fighter)       Turns: 4486, Time: 00:03:59

Health: -4/52      AC:  8    Str: 21    XL:     6   Next: 9%
Magic:  8/8        EV: 10    Int: 10    God:
Gold:   149        SH:  5    Dex: 17    Spells: 5/5 levels left

rFire   + . .      SeeInvis .   a - +2 hand axe (vorpal)
rCold   . . .      Faith    .   c - +0 buckler
rNeg    . . .      Spirit   .   l - +2 scale mail {rF+}
rPois   .          Reflect  .   (no helmet)
rElec   .          Harm     .   (no cloak)
rCorr   .          Rampage  .   (no gloves)
Will    .....                   (no boots)
Stlth   ..........              (no amulet)
HPRegen 0.17/turn               (no ring)
MPRegen 0.11/turn               (no ring)

@: mighty
A: high MP 1, forlorn, divine attributes
a: no special abilities


You were on level 3 of the Dungeon.
You visited 1 branch of the dungeon, and saw 4 of its levels.

You collected 149 gold pieces.

Inventory:

Hand Weapons
 a - a +2 vorpal hand axe (weapon)
 b - a +3 spear
Armour
 c - a +0 buckler (worn)
 l - a +2 scale mail of fire resistance (worn)
Jewellery
 m - a ring of protection from fire
Wands
 q - a wand of digging (5)
Scrolls
 e - 2 scrolls of amnesia {unknown}
 g - a scroll of brand weapon {unknown}
 i - a scroll of teleportation {unknown}
 k - a scroll of noise {unknown}
 n - a scroll of summoning {unknown}
Potions
 f - 3 potions of heal wounds {unknown}
 h - a potion of haste {unknown}
 j - 3 potions of curing {unknown}
 o - a potion of flight {unknown}
 p - a potion of degeneration {unknown}


   Skills:
 * Level 4.1 Fighting
 * Level 3.5 Axes
 + Level 3.6 Armour
 + Level 1.8 Dodging
 + Level 3.4 Shields


You had 5 spell levels left.
You didn't know any spells.
Your spell library contained the following spells:

 Spells                   Type           Power      Damage    Failure   Level
 Call Canine Familiar     Summ           0%         N/A       99%         3
 Portal Projectile        Hex/Tloc       0%         N/A       99%         3
 Tukima's Dance           Hex            0%         N/A       99%         3
 Anguish                  Hex/Necr       0%         N/A       100%        4
 Leda's Liquefaction      Hex/Erth       0%         N/A       100%        4
 Enfeeble                 Hex            0%         N/A       100%        7


Dungeon Overview and Level Annotations

Branches:
Dungeon (4/15)
 Temple: D:4-7

Shops:
D:4 *

Annotations:
D:3 doggme's ghost, novice MiFi


Innate Abilities, Weirdness & Mutations

You have an increased reservoir of magic. (+10% MP)
You shall have no god before yourself.
Your divine heritage dramatically boosts your attributes as you level up.


Message History

You hit the orc.
You kill the orc!
The orc hits you but does no damage.
You closely miss the orc.
The orc is heavily wounded.
You block the orc's attack.
You slash doggme's ghost!
Doggme's ghost is lightly damaged.
You slash doggme's ghost!
Doggme's ghost is moderately damaged.
You block doggme's ghost's attack. Doggme's ghost hits you!
You completely miss doggme's ghost.
Doggme's ghost is moderately damaged.
Doggme's ghost hits you but does no damage.
You slash doggme's ghost!
Doggme's ghost is heavily damaged.
Doggme's ghost hits you but does no damage.
You hit doggme's ghost.
Doggme's ghost is severely damaged.
Doggme's ghost barely misses you.
You closely miss doggme's ghost.
Doggme's ghost is severely damaged.
Doggme's ghost hits you but does no damage.
You closely miss doggme's ghost.
Doggme's ghost is severely damaged.
Doggme's ghost hits you. Doggme's ghost hits you!
* * * LOW HITPOINT WARNING * * *
You hit doggme's ghost.
Doggme's ghost is severely damaged.
You block doggme's ghost's attack.
You completely miss doggme's ghost.
Doggme's ghost is severely damaged.
You block doggme's ghost's attack.
You hit doggme's ghost but do no damage.
Doggme's ghost is severely damaged.
Doggme's ghost closely misses you.
You slash doggme's ghost!
Doggme's ghost is almost destroyed.
Doggme's ghost hits you!
You die...

#..........)..........##.........
#..###.#####..###....)...........
...###.# #..# #####..#.........
.#..##.# #..## ##.#.........
.##.##.# #...# ###....#......
.#.....## #.#.#####.............
........####.#.......##..........
.........##..#...........[.......
...............)@###.............
.........##.##.#W##............[.
............##.#o....#...........
..........####.........#.#...####
...........###.....#..##.##..####
.........#......#.........#.....#
##.............##............##..
#####.##..###..##..[.....##......
#..........##..##.>.....###..#...


You could see doggme's ghost and an orc.

Vanquished Creatures
  A necrophage (D:4)
  2 iguanas
  2 orc wizards (D:3)
  5 adders
  An ufetubus (D:4)
  4 worms (D:3)
  A dart slug (D:2)
  8 orcs
  9 endoplasms
  2 giant cockroaches
  6 goblins
  4 hobgoblins
  6 jackals
  7 kobolds
  3 quokkas
  9 ball pythons
  6 bats
  5 frilled lizards
  2 rats
83 creatures vanquished.

Notes
Turn   | Place    | Note
-------+----------+-------------------------------------------
     0 | D:1      | HallandMoats the Demigod Fighter began the quest for the
                  | Orb.
     0 | D:1      | Reached XP level 1. HP: 18/18 MP: 3/3
   265 | D:1      | Reached XP level 2. HP: 25/25 MP: 4/4
   332 | D:1      | Reached skill level 3 in Fighting
  1135 | D:2      | Reached XP level 3. HP: 23/31 MP: 5/5
  1974 | D:3      | Reached XP level 4. HP: 29/38 MP: 6/6
  2068 | D:3      | Reached skill level 1 in Dodging
  2534 | D:3      | Reached XP level 5. HP: 46/46 MP: 7/7
  2879 | D:4      | Noticed doggme's ghost (novice MiFi)
  2879 | D:4      | Found a runed translucent gate.
  2879 | D:4      | Found a runed translucent gate.
  2881 | D:4      | Found a runed translucent gate.
  2885 | D:4      | Identified the +4 chain mail of Sophism {rPois}
  4060 | D:4      | Found Voczer's Mayhem Merchandise.
  4061 | D:4      | Noticed a necrophage
  4069 | D:4      | Killed a necrophage
  4070 | D:4      | Reached skill level 4 in Fighting
  4070 | D:4      | Reached XP level 6. HP: 52/52 MP: 8/8
  4486 | D:3      | Slain by doggme's ghost

Illustrated notes

Levels and vault maps discovered:
D:1:      ncdulo_wetmaze, layout_basic, basic_ecumenical_altar,
          grunt_decor_clamped, grunt_decor_junction
D:2:      layout_loops_ring
D:3:      layout_rooms, led_sif_book, xom_redecorated
D:4:      layout_loops_corners, biasface_ghost_orc_armoury,
          minmay_misc_feat_cross, minmay_shop_mayhem, st_stairs_1

Skill      XL: |  1  2  3  4  5 |
---------------+----------------+-----
Axes           | 2 3 |  3.5
Fighting       | 3 4 |  4.1
Shields        | 3 |  3.4
Armour         | 3 |  3.6
Dodging        | 1 |  1.8

Action                   |  1- 3 |  4- 6 || total
-------------------------+-------+-------++-------
Melee: War axe           |    74 |       ||    74
       Spear             |    44 |   102 ||   146
       Hand axe          |       |    37 ||    37
  Use: Potion            |       |     1 ||     1
Armor: Scale mail        |    63 |    44 ||   107
Dodge: Dodged            |    58 |    33 ||    91
Block: Buckler           |    23 |    27 ||    50

Table legend: (Time is in decaauts)
 A = Elapsed time spent in this place.
 B = Non-inter-level travel time spent in this place.
 C = Inter-level travel time spent in this place.
 D = Time resting spent in this place.
 E = Time spent auto-exploring this place.
 F = Levels seen in this place.
 G = Mean time per level.
                   A        B        C        D        E       F      G
               +--------+--------+--------+--------+--------+-----+--------+
         Total |   4539 |   4453 |     86 |    182 |   3658 |   4 | 1134.8 |
       Dungeon |   4539 |   4453 |     86 |    182 |   3658 |   4 | 1134.8 |
               +--------+--------+--------+--------+--------+-----+--------+

Top non-repeatable levels by time:
     D:4: 1395 daAuts
     D:3: 1142 daAuts
     D:1: 1037 daAuts
     D:2: 964 daAuts
